 Dungeon Crawl Stone Soup version 0.29-a0-330-g52719c12eb (webtiles) character file.

Game seed: 17494221253391851212

677 Crownlay the Firebug (level 7, -8/51 HPs)
             Began as a Gnoll Fire Elementalist on May 4, 2022.
             Killed from afar by a steam dragon (15 damage)
             ... with a ball of steam
             ... on level 5 of the Dungeon.
             The game lasted 00:16:18 (5113 turns).

Crownlay the Firebug (Gnoll Fire Elementalist)      Turns: 5113, Time: 00:16:19

Health: -8/51      AC:  2    Str:  7    XL:     7   Next: 60%
Magic:  3/15       EV: 14    Int: 16    God:
Gold:   514        SH:  0    Dex: 13    Spells: 7/17 levels left

rFire   . . .      SeeInvis .   o - +1 dagger (drain)
rCold   . . .      Faith    .   (no shield)
rNeg    . . .      Spirit   .   a - +0 robe
rPois   .          Reflect  .   (no helmet)
rElec   .          Harm     .   (no cloak)
rCorr   .          Rampage  .   (no gloves)
Will    .....                   (no boots)
Stlth   +++.......              (no amulet)
HPRegen 0.17/turn               (no ring)
MPRegen 0.14/turn               (no ring)

@: very slightly contaminated
A: fangs 1, strong nose, distributed training
a: no special abilities


You were on level 5 of the Dungeon.
You visited 1 branch of the dungeon, and saw 5 of its levels.

You collected 871 gold pieces.
You spent 357 gold pieces at shops.

Inventory:

Hand Weapons
 o - a +1 dagger of draining (weapon)
Armour
 a - a +0 robe (worn)
Jewellery
 t - a ring of see invisible
Wands
 r - a wand of polymorph (13)
Scrolls
 c - a scroll of brand weapon
 f - 4 scrolls of fog
 h - a scroll of amnesia
 k - 2 scrolls of magic mapping
 m - a scroll of teleportation
 n - a scroll of summoning {unknown}
Potions
 b - a potion of magic
 d - 3 potions of curing
 e - a potion of heal wounds {unknown}
 g - 2 potions of mutation {unknown}
 i - a potion of haste {unknown}
 j - a potion of ambrosia {unknown}
 l - 2 potions of lignification {unknown}
 p - a potion of invisibility
 q - 2 potions of flight
 s - a potion of resistance
 u - a potion of brilliance {unknown}
 v - a potion of attraction {unknown}


   Skills:
 + Level 2.6 Fighting
 + Level 2.6 Short Blades
 + Level 2.6 Long Blades
 + Level 2.6 Axes
 + Level 2.6 Maces & Flails
 + Level 2.6 Polearms
 + Level 2.6 Staves
 + Level 2.6 Slings
 + Level 2.6 Bows
 + Level 2.6 Crossbows
 + Level 2.6 Throwing
 + Level 2.6 Armour
 + Level 5.3 Dodging
 + Level 5.0 Stealth
 + Level 2.6 Shields
 + Level 2.6 Unarmed Combat
 + Level 5.6 Spellcasting
 + Level 3.0 Conjurations
 + Level 2.1 Hexes
 + Level 2.1 Summonings
 + Level 2.1 Necromancy
 + Level 2.1 Translocations
 + Level 2.1 Transmutations
 + Level 5.9 Fire Magic
 + Level 2.1 Ice Magic
 + Level 2.1 Air Magic
 + Level 2.1 Earth Magic
 + Level 2.1 Poison Magic
 + Level 2.9 Invocations
 + Level 2.6 Evocations


You had 7 spell levels left.
You knew the following spells:

 Your Spells              Type           Power      Damage    Failure   Level
a - Foxfire               Conj/Fire      72%        2x1d7     2%          1
b - Scorch                Fire           46%        2d7       1%          2
c - Flame Wave            Conj/Fire      18%        2d6       22%         4
d - Inner Flame           Hex/Fire       17%        N/A       9%          3

Your spell library contained the following spells:

 Spells                   Type           Power      Damage    Failure   Level
 Animate Skeleton         Necr           22%        N/A       6%          1
 Pain                     Necr           44%        1d6       6%          1
 Sting                    Tmut/Pois      44%        1d5       6%          1
 Conjure Flame            Conj/Fire      18%        6-21      7%          3
 Poisonous Vapours        Pois/Air       22%        N/A       9%          2
 Ozocubu's Armour         Ice            11%        N/A       19%         3
 Vampiric Draining        Necr           11%        2d6       19%         3
 Olgreb's Toxic Radiance  Pois           11%        N/A       52%         4
 Ozocubu's Refrigeration  Ice            5%         4d6       100%        7


Dungeon Overview and Level Annotations

Branches:
Dungeon (5/15)
 Temple: D:4-7

Altars:
Cheibriados
Qazlal
Wu Jian
Xom

Shops:
D:1 *   D:3 *

Annotations:
D:4 Duvessa, Menkaure, Natasha


Innate Abilities, Weirdness & Mutations

You have very sharp teeth.
Your uncanny sense of smell can sniff out nearby items.
Your experience applies equally to all skills.


Message History

The steam dragon is moderately wounded.
The steam dragon's fire resistance burns away.
The foxfire hits the steam dragon.
The steam dragon is burned terribly!
The steam dragon is moderately wounded.
The foxfire hits the steam dragon but does no damage.
The steam dragon is moderately wounded.
The steam dragon breathes steam at you. The ball of steam misses you.
Casting: Scorch (safe; 1% risk of failure)
Confirm with . or Enter, or press ? or * to list all spells.
Flames lash the steam dragon but do no damage.
Casting: Scorch (safe; 1% risk of failure)
Confirm with . or Enter, or press ? or * to list all spells.
You don't know that spell.
Casting: Scorch (safe; 1% risk of failure)
Confirm with . or Enter, or press ? or * to list all spells.
Flames lash the steam dragon but do no damage.
The steam dragon bites you!
* * * LOW HITPOINT WARNING * * *
The steam dragon claws you.
* * * LOW HITPOINT WARNING * * *
Casting: Scorch (safe; 1% risk of failure)
Confirm with . or Enter, or press ? or * to list all spells.
You conjure some foxfire!
The steam dragon is no longer more vulnerable to fire.
An iguana comes into view.
The steam dragon bites you.
* * * LOW HITPOINT WARNING * * *
The steam dragon misses you.
Casting: Foxfire (safe; 2% risk of failure)
Confirm with . or Enter, or press ? or * to list all spells.
You miscast Scorch.
You are very lightly contaminated with residual magic.
Nothing appears to happen.
The foxfire hits the steam dragon.
The steam dragon is heavily wounded.
The foxfire hits the steam dragon but does no damage.
The steam dragon is heavily wounded.
The steam dragon breathes steam at you. The ball of steam hits you!
You die...

#..##......##..#
#...## #.. ..
##....##...#
##..## #.. .
##....... #
#..## #..
#........ ##..#
#.. .......#
##..## #.#
#l....# ##..##
#.. #.....#
##..## #.<
#....D###..##
#.. ∆ #.@#..##
##. #.§§.## ##
#...## # #.##.#
### .# ##


You could see a steam dragon (catching breath) and an iguana.

Vanquished Creatures
  An orc warrior (D:4)
  A black bear (D:4)
  A phantom (D:3)
  Dowan (D:4)
  A jelly (D:4)
  4 iguanas
  Ijyb (D:4)
  2 orc wizards
  7 adders
  An ufetubus (D:4)
  2 worms (D:3)
  A dart slug (D:2)
  5 orcs
  3 bats
  2 endoplasms (D:1)
  5 giant cockroaches
  8 goblins
  7 hobgoblins
  12 jackals
  3 kobolds
  4 quokkas
  6 ball pythons
  5 frilled lizards
  7 rats
90 creatures vanquished.

Vanquished Creatures (others)
  348 foxfires
348 creatures vanquished.

Grand Total: 438 creatures vanquished

Notes
Turn   | Place    | Note
-------+----------+-------------------------------------------
     0 | D:1      | Crownlay the Gnoll Fire Elementalist began the quest for
                  | the Orb.
     0 | D:1      | Reached XP level 1. HP: 13/13 MP: 6/6
   142 | D:1      | Reached XP level 2. HP: 19/19 MP: 0/7
   214 | D:1      | Learned a level 2 spell: Scorch
   282 | D:1      | Found Otzaafep's Assorted Antiques.
   300 | D:1      | Bought a scroll labelled CESCHE BEOSS for 21 gold pieces
   411 | D:1      | Found a faded altar of an unknown god.
   963 | D:2      | Reached skill level 5 in Spellcasting
   963 | D:2      | Reached XP level 3. HP: 20/25 MP: 3/9
  1128 | D:2      | Found a shimmering altar of Xom.
  1149 | D:2      | Reached skill level 1 in Invocations
  1296 | D:2      | Reached skill level 1 in Fighting
  1296 | D:2      | Reached skill level 1 in Short Blades
  1296 | D:2      | Reached skill level 1 in Long Blades
  1296 | D:2      | Reached skill level 1 in Axes
  1296 | D:2      | Reached skill level 1 in Maces & Flails
  1296 | D:2      | Reached skill level 1 in Polearms
  1296 | D:2      | Reached skill level 1 in Staves
  1296 | D:2      | Reached skill level 1 in Slings
  1296 | D:2      | Reached skill level 1 in Bows
  1296 | D:2      | Reached skill level 1 in Crossbows
  1296 | D:2      | Reached skill level 1 in Throwing
  1296 | D:2      | Reached skill level 1 in Armour
  1296 | D:2      | Reached skill level 1 in Shields
  1296 | D:2      | Reached skill level 1 in Unarmed Combat
  1296 | D:2      | Reached skill level 1 in Evocations
  1299 | D:2      | Reached XP level 4. HP: 32/32 MP: 6/11
  1573 | D:1      | Bought a scroll labelled DAIFONUFYD for 21 gold pieces
  1573 | D:1      | Bought a scroll labelled FIDWICR UGAN for 21 gold pieces
  1849 | D:3      | Reached skill level 1 in Hexes
  1849 | D:3      | Reached skill level 1 in Summonings
  1849 | D:3      | Reached skill level 1 in Necromancy
  1849 | D:3      | Reached skill level 1 in Translocations
  1849 | D:3      | Reached skill level 1 in Transmutations
  1849 | D:3      | Reached skill level 1 in Ice Magic
  1849 | D:3      | Reached skill level 1 in Air Magic
  1849 | D:3      | Reached skill level 1 in Earth Magic
  1849 | D:3      | Reached skill level 1 in Poison Magic
  2029 | D:3      | Noticed a phantom
  2179 | D:3      | Learned a level 4 spell: Flame Wave
  2312 | D:3      | Found Ublagosh's General Store.
  2321 | D:3      | Bought a scroll of magic mapping for 42 gold pieces
  2321 | D:3      | Identified a scroll of acquirement
  2322 | D:3      | Acquired 594 gold pieces
  2406 | D:3      | Reached XP level 5. HP: 37/37 MP: 10/12
  2480 | D:1      | Bought a grey potion for 18 gold pieces
  2480 | D:1      | Bought a golden potion for 18 gold pieces
  2670 | D:3      | Bought a scroll of teleportation for 36 gold pieces
  2670 | D:3      | Bought a scroll of identify for 24 gold pieces
  2670 | D:3      | Bought a potion of resistance for 120 gold pieces
  2670 | D:3      | Bought a potion of curing for 36 gold pieces
  2686 | D:3      | Found a stormy altar of Qazlal.
  2800 | D:3      | Found a snail-covered altar of Cheibriados.
  2942 | D:4      | Noticed Duvessa
  2942 | D:4      | Noticed Dowan
  2942 | D:4      | Noticed an orc warrior
  2947 | D:4      | Killed Dowan
  3235 | D:4      | Noticed a black bear
  3247 | D:4      | Killed a black bear
  3247 | D:4      | Noticed Ijyb
  3248 | D:4      | Reached XP level 6. HP: 44/44 MP: 3/14
  3270 | D:4      | Killed Ijyb
  3271 | D:4      | Reached skill level 5 in Dodging
  3452 | D:4      | Killed an orc warrior
  3464 | D:4      | Reached XP level 7. HP: 31/50 MP: 0/15
  3641 | D:4      | Found an ornate altar of the Wu Jian Council.
  3729 | D:4      | Noticed Menkaure
  4263 | D:3      | Learned a level 3 spell: Inner Flame
  4264 | D:4      | Noticed Natasha
  4851 | D:5      | Entered Level 5 of the Dungeon
  4980 | D:5      | Noticed a steam dragon
  5075 | D:5      | Reached skill level 5 in Stealth
  5113 | D:5      | Killed from afar by a steam dragon

Illustrated notes

Levels and vault maps discovered:
D:1:      dpeg_arrival_snail, layout_basic, serial_shops, shop,
          chequers_ecumenical_altar_island
D:2:      layout_basic, basic_altar
D:3:      layout_loops_cross, amcnicky_altar_gilded, cheibrodos_worm_habitat,
          serial_shops, nicolae_shop_hallway_plus, serial_glass,
          glass_columns_c, glass_columns_b, item_on_display_a, feat_on_display,
          item_on_display_a
D:4:      layout_rooms, minmay_ruined_shrine, uniq_ijyb, uniq_menkaure,
          uniq_natasha, uniq_duvessa
D:5:      layout_layer_cave

Skill      XL: |  1  2  3  4  5  6  7 |
---------------+----------------------+-----
Conjurations   | 2 3 |  3.0
Spellcasting   | 5 |  5.6
Invocations    | 1 2 |  2.9
Fighting       | 1 2 |  2.6
Short Blades   | 1 2 |  2.6
Long Blades    | 1 2 |  2.6
Axes           | 1 2 |  2.6
Maces & Flails | 1 2 |  2.6
Polearms       | 1 2 |  2.6
Staves         | 1 2 |  2.6
Slings         | 1 2 |  2.6
Bows           | 1 2 |  2.6
Crossbows      | 1 2 |  2.6
Throwing       | 1 2 |  2.6
Armour         | 1 2 |  2.6
Shields        | 1 2 |  2.6
Unarmed Combat | 1 2 |  2.6
Evocations     | 1 2 |  2.6
Hexes          | 1 2 |  2.1
Summonings     | 1 2 |  2.1
Necromancy     | 1 2 |  2.1
Translocations | 1 2 |  2.1
Transmutations | 1 2 |  2.1
Ice Magic      | 1 2 |  2.1
Air Magic      | 1 2 |  2.1
Earth Magic    | 1 2 |  2.1
Poison Magic   | 1 2 |  2.1
Dodging        | 5 |  5.3
Stealth        | 5 |  5.0
Fire Magic     | |  5.9

Action                   |  1- 3 |  4- 6 |  7- 9 || total
-------------------------+-------+-------+-------++-------
Melee: Unarmed           |       |     5 |       ||     5
 Cast: Foxfire           |    48 |    85 |    72 ||   205
       Scorch            |     2 |     9 |     5 ||    16
       Inner Flame       |       |       |     1 ||     1
  Use: Scroll            |       |     7 |     2 ||     9
       Potion            |       |     1 |       ||     1
 Stab: Confused          |       |     1 |       ||     1
Armor: Robe              |       |     7 |     7 ||    14
Dodge: Dodged            |     6 |    39 |    40 ||    85

Table legend: (Time is in decaauts)
 A = Elapsed time spent in this place.
 B = Non-inter-level travel time spent in this place.
 C = Inter-level travel time spent in this place.
 D = Time resting spent in this place.
 E = Time spent auto-exploring this place.
 F = Levels seen in this place.
 G = Mean time per level.
                   A        B        C        D        E       F      G
               +--------+--------+--------+--------+--------+-----+--------+
         Total |   5135 |   4607 |    528 |    165 |   2965 |   5 | 1027.0 |
       Dungeon |   5135 |   4607 |    528 |    165 |   2965 |   5 | 1027.0 |
               +--------+--------+--------+--------+--------+-----+--------+

Top non-repeatable levels by time:
     D:3: 2031 daAuts
     D:4: 1081 daAuts
     D:1: 934 daAuts
     D:2: 825 daAuts
     D:5: 261 daAuts
